[ AOE2 MATCH · #506530944 ]
UnrankedDravidians vs Mongols
Player's team · LOSS
Rival team · WIN
[ REPLAY ANALYSIS · EXTRACTED FROM THE RECORDED GAME ]
Feudal
8:54
Castle
26:59
Imperial
—
| APM avg | 49.9 |
| APM peak | 92 |
| eAPM avg | 24.9 |
| Villagers / military | 135 / 70 |
Focus
⚔️ 29.5% · 🌾 70.5%
Archer ×42 · Skirmisher ×12 · Elephant Archer ×6 · Militia ×4 · Mangonel ×3 · Monk ×2
Feudal
8:12
Castle
31:57
Imperial
—
| APM avg | 39.3 |
| APM peak | 65 |
| eAPM avg | 18.3 |
| Villagers / military | 152 / 80 |
Focus
⚔️ 31.8% · 🌾 68.2%
Archer ×27 · Scout Cavalry ×21 · Mangudai ×12 · Knight ×11 · Skirmisher ×7 · Monk ×2
Match map
Initial resources + every placement click. Lines = walls · curves = elevation contours. ◆ gold · ⬟ stone · ● berries · ✦ relic · ◌ wall gap
Your base· Open — 5t gap
xingxing's base· Open — 4t gap
Smoothed initial terrain · ◌ = detected wall gap · hover for details
Inputs per minute
— BB3097790 - - xingxing
Build order — BB3097790
First 150 of 329 actions detected
| 0:00 | Queue | Villager (Male) |
| 0:02 | Build | House |
| 0:03 | Build | House |
| 0:27 | Queue | Villager (Male) |
| 0:27 | Queue | Villager (Male) |
| 0:28 | Queue | Villager (Male) |
| 1:27 | Queue | Villager (Male) |
| 1:59 | Queue | Villager (Male) |
| 2:20 | Build | Lumber Camp |
| 2:30 | Queue | Villager (Male) |
| 2:31 | Queue | Villager (Male) |
| 2:31 | Queue | Villager (Male) |
| 3:09 | Queue | Villager (Male) |
| 3:09 | Queue | Villager (Male) |
| 3:25 | Build | House |
| 4:14 | Queue | Villager (Male) |
| 4:14 | Queue | Villager (Male) |
| 4:15 | Queue | Villager (Male) |
| 4:40 | Queue | Villager (Male) |
| 4:45 | Queue | Villager (Male) |
| 5:34 | Build | Barracks |
| 5:44 | Queue | Villager (Male) |
| 5:45 | Research | Loom |
| 5:52 | Build | House |
| 6:41 | Research | Feudal Age |
| 7:04 | Queue | Militia |
| 7:04 | Queue | Militia |
| 7:23 | Queue | Militia |
| 7:30 | Build | Mining Camp |
| 7:52 | Queue | Villager (Male) |
| 7:57 | Queue | Militia |
| 8:09 | Queue | Villager (Male) |
| 8:40 | Queue | Villager (Male) |
| 8:44 | Build | House |
| 8:53 | Build | Palisade Gate |
| 8:54 | Age | Feudal Age |
| 8:56 | Build | Palisade Wall |
| 8:59 | Build | Palisade Wall |
| 9:04 | Research | Man-at-Arms (upgrade) |
| 9:09 | Queue | Villager (Male) |
| 9:20 | Build | Archery Range |
| 9:26 | Queue | Villager (Male) |
| 9:28 | Build | Mill |
| 9:33 | Queue | Villager (Male) |
| 9:41 | Queue | Villager (Male) |
| 9:59 | Build | Blacksmith |
| 10:17 | Queue | Villager (Male) |
| 10:24 | Queue | Skirmisher |
| 10:29 | Build | Watch Tower |
| 10:36 | Queue | Villager (Male) |
| 10:52 | Queue | Archer |
| 10:56 | Queue | Villager (Male) |
| 11:05 | Queue | Villager (Male) |
| 11:18 | Research | Fletching |
| 11:27 | Build | House |
| 11:28 | Build | Palisade Wall |
| 11:41 | Queue | Villager (Male) |
| 11:56 | Build | Lumber Camp |
| 12:06 | Research | Town Watch |
| 12:16 | Queue | Villager (Male) |
| 12:35 | Queue | Villager (Male) |
| 12:57 | Queue | Villager (Male) |
| 13:05 | Queue | Archer |
| 13:05 | Queue | Archer |
| 13:05 | Queue | Archer |
| 13:14 | Queue | Villager (Male) |
| 13:16 | Build | Farm |
| 13:25 | Build | Farm |
| 13:41 | Build | House |
| 13:43 | Build | Palisade Wall |
| 13:56 | Queue | Archer |
| 14:00 | Queue | Villager (Male) |
| 14:07 | Queue | Villager (Male) |
| 14:23 | Queue | Villager (Male) |
| 14:29 | Queue | Archer |
| 14:39 | Build | Farm |
| 14:52 | Queue | Archer |
| 15:00 | Build | Farm |
| 15:12 | Queue | Archer |
| 15:14 | Build | Lumber Camp |
| 15:19 | Queue | Archer |
| 15:25 | Build | Farm |
| 15:27 | Build | Farm |
| 15:29 | Queue | Skirmisher |
| 15:31 | Queue | Villager (Male) |
| 15:44 | Build | House |
| 15:46 | Build | Palisade Wall |
| 15:51 | Build | Farm |
| 16:07 | Build | House |
| 16:15 | Build | Farm |
| 16:32 | Build | House |
| 16:42 | Build | Farm |
| 16:45 | Queue | Villager (Male) |
| 16:55 | Build | Farm |
| 16:57 | Build | Farm |
| 17:14 | Research | Padded Archer Armor |
| 17:24 | Build | House |
| 17:33 | Queue | Villager (Male) |
| 17:37 | Build | Farm |
| 17:58 | Queue | Villager (Male) |
| 18:00 | Queue | Skirmisher |
| 18:09 | Build | Farm |
| 18:16 | Queue | Skirmisher |
| 18:43 | Queue | Skirmisher |
| 18:52 | Queue | Skirmisher |
| 18:52 | Queue | Skirmisher |
| 18:54 | Queue | Villager (Male) |
| 18:54 | Queue | Villager (Male) |
| 19:19 | Queue | Villager (Male) |
| 19:28 | Queue | Villager (Male) |
| 19:43 | Queue | Villager (Male) |
| 19:59 | Queue | Skirmisher |
| 20:00 | Queue | Villager (Male) |
| 21:07 | Queue | Villager (Male) |
| 21:11 | Build | Market |
| 21:27 | Queue | Skirmisher |
| 21:39 | Queue | Skirmisher |
| 21:52 | Queue | Villager (Male) |
| 21:56 | Build | House |
| 22:04 | Build | Mining Camp |
| 22:08 | Queue | Skirmisher |
| 22:18 | Queue | Villager (Male) |
| 22:30 | Queue | Villager (Male) |
| 22:32 | Research | Double-Bit Axe |
| 22:48 | Build | House |
| 22:50 | Build | Palisade Wall |
| 22:52 | Queue | Skirmisher |
| 22:56 | Queue | Spearman |
| 23:10 | Build | Watch Tower |
| 23:15 | Queue | Archer |
| 23:18 | Queue | Villager (Male) |
| 23:20 | Build | Farm |
| 23:30 | Build | Lumber Camp |
| 24:00 | Build | Farm |
| 24:19 | Research | Castle Age |
| 24:19 | Research | Castle Age |
| 24:23 | Queue | Archer |
| 24:47 | Queue | Archer |
| 25:24 | Build | Watch Tower |
| 25:28 | Queue | Villager (Male) |
| 26:30 | Queue | Archer |
| 26:30 | Queue | Archer |
| 26:35 | Build | Farm |
| 26:54 | Build | House |
| 26:59 | Age | Castle Age |
| 27:03 | Research | Bodkin Arrow |
| 27:07 | Build | Siege Workshop |
| 27:10 | Queue | Archer |
| 27:10 | Queue | Archer |
| 27:29 | Build | Town Center |
Build order — xingxing
First 150 of 415 actions detected
| 0:12 | Queue | Villager (Male) |
| 0:12 | Queue | Villager (Male) |
| 0:12 | Queue | Villager (Male) |
| 0:16 | Build | House |
| 0:22 | Queue | Villager (Male) |
| 0:26 | Build | House |
| 1:35 | Queue | Villager (Male) |
| 2:05 | Queue | Villager (Male) |
| 2:25 | Queue | Villager (Male) |
| 2:37 | Build | Lumber Camp |
| 3:05 | Queue | Villager (Male) |
| 3:23 | Queue | Villager (Male) |
| 3:39 | Queue | Villager (Male) |
| 3:39 | Queue | Villager (Male) |
| 4:00 | Build | House |
| 4:05 | Queue | Villager (Male) |
| 5:01 | Queue | Villager (Male) |
| 5:06 | Research | Loom |
| 5:19 | Build | Mining Camp |
| 6:00 | Research | Feudal Age |
| 6:42 | Build | Barracks |
| 7:03 | Build | Palisade Wall |
| 7:10 | Build | Palisade Wall |
| 7:32 | Queue | Villager (Male) |
| 8:12 | Age | Feudal Age |
| 8:15 | Build | Archery Range |
| 8:17 | Research | Double-Bit Axe |
| 8:18 | Queue | Villager (Male) |
| 8:19 | Queue | Villager (Male) |
| 8:50 | Build | House |
| 8:59 | Queue | Archer |
| 9:10 | Build | Blacksmith |
| 9:25 | Queue | Archer |
| 9:34 | Queue | Villager (Male) |
| 10:02 | Build | Watch Tower |
| 10:05 | Research | Fletching |
| 10:06 | Research | Fletching |
| 10:07 | Queue | Archer |
| 10:09 | Queue | Villager (Male) |
| 10:09 | Queue | Villager (Male) |
| 10:42 | Build | Watch Tower |
| 10:45 | Queue | Villager (Male) |
| 10:45 | Queue | Villager (Male) |
| 11:04 | Build | House |
| 11:14 | Queue | Skirmisher |
| 11:19 | Build | Palisade Wall |
| 11:20 | Build | Palisade Wall |
| 11:20 | Build | Palisade Wall |
| 11:21 | Build | Palisade Wall |
| 11:22 | Build | Palisade Wall |
| 11:22 | Build | Palisade Wall |
| 11:23 | Build | Palisade Wall |
| 11:24 | Build | Palisade Wall |
| 11:34 | Build | Mill |
| 11:35 | Queue | Villager (Male) |
| 11:50 | Build | House |
| 11:56 | Build | Palisade Wall |
| 11:59 | Queue | Villager (Male) |
| 12:12 | Queue | Skirmisher |
| 12:36 | Queue | Villager (Male) |
| 12:47 | Build | House |
| 13:04 | Queue | Skirmisher |
| 13:17 | Build | Lumber Camp |
| 13:21 | Build | Palisade Wall |
| 13:41 | Queue | Skirmisher |
| 13:43 | Queue | Villager (Male) |
| 13:43 | Queue | Villager (Male) |
| 14:03 | Build | House |
| 14:12 | Queue | Archer |
| 14:12 | Queue | Archer |
| 14:27 | Queue | Archer |
| 14:29 | Queue | Villager (Male) |
| 14:30 | Queue | Villager (Male) |
| 14:30 | Queue | Villager (Male) |
| 14:48 | Queue | Villager (Male) |
| 14:49 | Build | Farm |
| 14:52 | Build | Farm |
| 15:01 | Queue | Archer |
| 15:18 | Build | Farm |
| 15:21 | Build | Farm |
| 15:37 | Queue | Archer |
| 16:05 | Queue | Villager (Male) |
| 16:05 | Queue | Villager (Male) |
| 16:09 | Build | Market |
| 16:11 | Build | Farm |
| 16:24 | Build | Farm |
| 16:31 | Queue | Archer |
| 16:41 | Queue | Villager (Male) |
| 16:55 | Build | House |
| 16:56 | Build | House |
| 17:04 | Queue | Archer |
| 17:06 | Queue | Villager (Male) |
| 17:11 | Build | Farm |
| 17:38 | Build | Watch Tower |
| 17:42 | Queue | Villager (Male) |
| 17:48 | Build | Mining Camp |
| 17:49 | Queue | Villager (Male) |
| 17:54 | Queue | Archer |
| 17:54 | Queue | Archer |
| 17:57 | Research | Padded Archer Armor |
| 18:51 | Queue | Villager (Male) |
| 18:51 | Queue | Villager (Male) |
| 18:53 | Queue | Archer |
| 19:02 | Build | House |
| 19:10 | Build | Archery Range |
| 19:20 | Queue | Villager (Male) |
| 19:25 | Build | Lumber Camp |
| 19:27 | Build | House |
| 19:34 | Queue | Skirmisher |
| 19:40 | Queue | Archer |
| 19:56 | Build | Watch Tower |
| 20:10 | Queue | Villager (Male) |
| 20:10 | Queue | Villager (Male) |
| 20:12 | Queue | Archer |
| 20:13 | Queue | Skirmisher |
| 20:24 | Queue | Villager (Male) |
| 20:26 | Build | Farm |
| 20:30 | Research | Horse Collar |
| 20:43 | Build | House |
| 20:48 | Build | Stone Wall |
| 20:55 | Queue | Skirmisher |
| 20:56 | Queue | Archer |
| 21:15 | Queue | Villager (Male) |
| 21:19 | Build | Farm |
| 21:20 | Build | Farm |
| 21:37 | Build | Stable |
| 21:38 | Build | Stable |
| 21:54 | Queue | Archer |
| 21:54 | Queue | Archer |
| 21:55 | Research | Scale Barding Armor |
| 21:56 | Queue | Villager (Male) |
| 21:59 | Build | Farm |
| 22:01 | Build | Farm |
| 22:16 | Queue | Scout Cavalry |
| 22:27 | Build | Farm |
| 22:43 | Queue | Scout Cavalry |
| 22:45 | Queue | Archer |
| 22:49 | Queue | Villager (Male) |
| 22:54 | Build | Lumber Camp |
| 23:13 | Build | Watch Tower |
| 23:22 | Queue | Scout Cavalry |
| 23:23 | Queue | Archer |
| 23:23 | Queue | Archer |
| 23:58 | Queue | Scout Cavalry |
| 23:58 | Queue | Scout Cavalry |
| 23:59 | Queue | Archer |
| 24:00 | Queue | Villager (Male) |
| 24:18 | Build | Stone Wall |
| 24:18 | Build | Stone Wall |
| 24:19 | Build | Stone Wall |
Match timeline
| 5:34 | BB3097790 · first_building Barracks |
| 6:42 | xingxing · first_building Barracks |
| 7:03 | xingxing · wall_segment Palisade Wall x1 |
| 7:10 | xingxing · wall_segment Palisade Wall x4 |
| 8:12 | xingxing · age_up feudal |
| 8:15 | xingxing · first_building Archery Range |
| 8:54 | BB3097790 · age_up feudal |
| 8:56 | BB3097790 · wall_segment Palisade Wall x1 |
| 8:59 | BB3097790 · wall_segment Palisade Wall x1 |
| 9:20 | BB3097790 · first_building Archery Range |
| 11:19 | xingxing · wall_segment Palisade Wall x1 |
| 11:20 | xingxing · wall_segment Palisade Wall x1 |
| 11:20 | xingxing · wall_segment Palisade Wall x1 |
| 11:21 | xingxing · wall_segment Palisade Wall x1 |
| 11:22 | xingxing · wall_segment Palisade Wall x1 |
| 11:22 | xingxing · wall_segment Palisade Wall x1 |
| 11:23 | xingxing · wall_segment Palisade Wall x1 |
| 11:24 | xingxing · wall_segment Palisade Wall x1 |
| 11:28 | BB3097790 · wall_segment Palisade Wall x1 |
| 11:56 | xingxing · wall_segment Palisade Wall x6 |
| 13:21 | xingxing · wall_segment Palisade Wall x1 |
| 13:43 | BB3097790 · wall_segment Palisade Wall x7 |
| 15:46 | BB3097790 · wall_segment Palisade Wall x1 |
| 17:24 | xingxing · first_market_buy 100 stone |
| 20:48 | xingxing · wall_segment Stone Wall x1 |
| 21:37 | xingxing · first_building Stable |
| 22:50 | BB3097790 · wall_segment Palisade Wall x9 |
| 23:04 | BB3097790 · first_market_buy 100 stone |
| 24:18 | xingxing · wall_segment Stone Wall x1 |
| 24:18 | xingxing · wall_segment Stone Wall x1 |
| 24:19 | xingxing · wall_segment Stone Wall x1 |
| 24:20 | xingxing · wall_segment Stone Wall x1 |
| 24:59 | xingxing · wall_segment Stone Wall x1 |
| 24:59 | xingxing · wall_segment Stone Wall x1 |
| 25:00 | xingxing · wall_segment Stone Wall x1 |
| 25:01 | xingxing · wall_segment Stone Wall x1 |
| 25:01 | xingxing · wall_segment Stone Wall x1 |
| 26:20 | xingxing · wall_segment Stone Wall x1 |
| 26:59 | BB3097790 · age_up castle |
| 27:07 | BB3097790 · first_building Siege Workshop |
| 27:20 | BB3097790 · first_market_sell 100 wood |
| 29:13 | xingxing · first_market_sell 100 stone |
| 31:08 | BB3097790 · wall_segment Palisade Wall x1 |
| 31:57 | xingxing · age_up castle |
| 32:43 | BB3097790 · wall_segment Palisade Wall x1 |
| 33:59 | BB3097790 · wall_segment Palisade Wall x8 |
| 34:02 | BB3097790 · wall_segment Palisade Wall x8 |
| 34:06 | xingxing · first_building Monastery |
| 34:56 | BB3097790 · first_building Monastery |
| 37:04 | BB3097790 · wall_segment Palisade Wall x1 |
| 37:05 | BB3097790 · wall_segment Palisade Wall x1 |
| 40:14 | BB3097790 · wall_segment Palisade Wall x1 |
| 40:15 | BB3097790 · wall_segment Palisade Wall x1 |
| 40:20 | BB3097790 · wall_segment Palisade Wall x1 |
| 40:40 | BB3097790 · wall_segment Palisade Wall x1 |
| 40:43 | BB3097790 · wall_segment Palisade Wall x1 |
| 41:07 | xingxing · first_building Castle |
| 46:20 | BB3097790 · resign |
[ AI ANALYSIS · 1 CREDIT ]
What really happened in this match?
Wolo.gg analyzes every decision: build order, eco, micro, common mistakes by bracket. Personalized analysis on WhatsApp or Discord in 30 seconds.
Civ guide
Dravidians
Perfil
Jugador #22899094